 Dungeon Crawl Stone Soup version 0.29.1-15-g9cfb28693d (webtiles) character file.

Game seed: 6385745452312691330

9395 Smoke131 the Arsonist (level 11, 0/81 (97) HPs)
             Began as a Pale Draconian Fire Elementalist on Feb 23, 2023.
             Was a Believer of Vehumet.
             Slain by Nergalle
             ... wielding a +1 dagger of freezing
              (2 damage)
             ... on level 10 of the Dungeon.
             The game lasted 00:40:22 (14175 turns).

Smoke131 the Arsonist (DrFE)                       Turns: 14175, Time: 00:40:23

HP:   0/81 (97)     AC:  7    Str: 11    XL:     11   Next: 22%
MP:   4/18          EV: 14    Int: 20    God:    Vehumet [**....]
Gold: 584           SH:  0    Dex: 11    Spells: 5/20 levels left

rFire   . . .      SeeInvis +   k - staff of conjuration
rCold   . . .      Faith    .   (no shield)
rNeg    . . .      Spirit   .   (body armour unavailable)
rPois   .          Reflect  .   (helmet restricted)
rElec   .          Harm     .   (no cloak)
rCorr   .          Rampage  .   (no gloves)
Will    +....                   (no boots)
Stlth   ++........              (no amulet)
HPRegen 0.23/turn               c - ring of willpower
MPRegen 0.16/turn               g - ring of see invisible

@: slowed, heavily drained, very slow
A: breathe steam, AC +7, unfitting armour, cold-blooded, steam resistance
a: Breathe Steam, Renounce Religion


You were on level 10 of the Dungeon.
You worshipped Vehumet.
Vehumet was pleased with you.
You visited 2 branches of the dungeon, and saw 11 of its levels.
You also visited: Ossuary.

You collected 674 gold pieces.
You spent 90 gold pieces at shops.

Inventory:

Hand Weapons
 h - a +4 dagger
 z - a +4 spear
Missiles
 v - a throwing net
Magical Staves
 k - a staff of conjuration (weapon)
Jewellery
 c - a ring of willpower (left hand)
 g - a ring of see invisible (right hand)
Wands
 o - a wand of paralysis (13)
 r - a wand of quicksilver (13)
 t - a wand of mindburst (15)
 u - a wand of iceblast (21)
Scrolls
 a - 5 scrolls of teleportation
 b - a scroll of fear
 d - 5 scrolls of vulnerability
 i - a scroll of enchant weapon
 j - 2 scrolls of poison
 m - a scroll of summoning
 q - a scroll of enchant armour
 s - a scroll of amnesia
 w - 3 scrolls of identify
 y - a scroll of magic mapping
Potions
 e - 4 potions of heal wounds
 f - 2 potions of lignification
 l - a potion of mutation
 n - 4 potions of ambrosia
 x - 2 potions of haste


   Skills:
 + Level 9.2 Fighting
 + Level 8.0 Dodging
 - Level 1.7 Stealth
 - Level 5.0 Spellcasting
 + Level 8.5 Conjurations
 + Level 9.9 Fire Magic


You had 5 spell levels left.
You knew the following spells:

 Your Spells              Type           Power      Damage    Failure   Level
a - Foxfire               Conj/Fire      100%       2x1d9     1%          1
b - Scorch                Fire           88%        2d9       1%          2
c - Conjure Flame         Conj/Fire      58%        6-21      1%          3
d - Sticky Flame          Conj/Fire      58%        2d7       2%          4
e - Flame Wave            Conj/Fire      58%        2d14      2%          4
z - Magic Dart            Conj           100%       1d8       1%          1

Your spell library contained the following spells:

 Spells                   Type           Power      Damage    Failure   Level
 Inner Flame              Hex/Fire       24%        N/A       4%          3
 Dazzling Flash           Conj/Hex       66%        N/A       6%          3
 Ignite Poison            Fire/Tmut/Pois 18%        N/A       9%          3
 Iskenderun's Mystic Bla  Conj/Tloc      33%        2d8       21%         4
 Starburst                Conj/Fire      29%        6d9       36%         6


Dungeon Overview and Level Annotations

Branches:
Dungeon (10/15)            Temple (1/1) D:6            Lair (0/5) D:8
Ossuary (visited)
    Orc: D:9-12

Altars:
Ashenzari
Cheibriados
Dithmenos
Elyvilon
Fedhas
Hepliaklqana
Kikubaaqudgha
Makhleb
Nemelex Xobeh
Okawaru
Qazlal
Ru
Trog
Uskayaw
Vehumet
Xom
Yredelemnul
Zin
The Shining One

Shops:
D:5 ?*:   D:6 (

Annotations:
D:10 Nergalle


Innate Abilities, Weirdness & Mutations

You can breathe blasts of scalding, opaque steam.
Your pale cyan-grey scales are hard. (AC +7)
You cannot fit into any form of body armour.
You are cold-blooded and may be slowed by cold attacks.
You are immune to the effects of steam.


Message History

Aim: Nergalle, wielding a +1 dagger of freezing and wearing a +0 robe (almost dead, 68% to hit)
The bolt of dispelling energy hits Nergalle.
Nergalle is almost dead.
You have got your breath back.
Nergalle yells, "What are YOU looking at?"
Nergalle closely misses you.
The spectral orc warrior hits you with a +0 hand axe.
The spectral orc knight hits you!
You feel drained.
* * * LOW HITPOINT WARNING * * *
You feel much better.
Nergalle hits you with a +1 dagger of freezing.
You feel yourself slow down. Nergalle freezes you.
The spectral orc warrior misses you. The spectral orc knight misses you.
You feel much better.
Nergalle hits you with a +1 dagger of freezing.
Nergalle freezes you.
The spectral orc warrior hits you with a +0 hand axe!
You feel drained. The spectral orc knight hits you.
Nergalle casts a spell at the spectral orc knight.
The spectral orc knight seems to speed up.
The spectral orc warrior barely misses you.
Casting: Scorch (safe; 1% risk of failure)
Confirm with . or Enter, or press ? or * to list all spells.
Okay, then.
Unknown command.
You hit Nergalle but do no damage.
Nergalle is almost dead.
You feel yourself speed up. The spectral orc knight hits you! x2
* * * LOW HITPOINT WARNING * * *
You feel drained.
* * * LOW HITPOINT WARNING * * *
Nergalle hits you but does no damage.
The spectral orc warrior hits you with a +0 hand axe!
* * * LOW HITPOINT WARNING * * *
The spectral orc knight misses you.
Nergalle hits you with a +1 dagger of freezing.
* * * LOW HITPOINT WARNING * * *
You feel yourself slow down. Nergalle freezes you.
You die...

.......#
......# .....
#...# #...##
####+ ##....#
......#ZZ...#
#.....o@..<.#
#.....###'###
..... #ยง...#
#... #....#
#.. #....# ..
#....# .
#...(# +....#
#...:#


You could see Nergalle, a spectral orc warrior (summoned) and a spectral orc
knight (summoned, fast).

Vanquished Creatures
  A centaur warrior (D:8)
  A boulder beetle (D:8)
  A two-headed ogre (D:9)
  A kobold demonologist (D:9)
  A troll (D:9)
  A hornet (shapeshifter) (D:8)
  A hornet (D:9)
  3 slime creatures (D:9)
  Sigmund (D:3)
  A wraith (D:8)
  8 yaks (D:9)
  A wyvern (D:7)
  Eustachio (D:5)
  A vampire mosquito (D:8)
  A steam dragon (D:6)
  2 acid dragons (D:8)
  A water moccasin (D:9)
  An ice beast (D:5)
  5 orc warriors
  A sky beast (D:6)
  3 black bears
  3 ogres
  5 centaurs
  3 kobold brigands
  A necrophage (D:4)
  6 bullfrogs
  A gnoll sergeant (D:6)
  4 scorpions
  6 wights
  A killer bee (D:9)
  3 howler monkeys
  4 electric eels (D:8)
  3 hounds
  4 orc priests
  A jelly (D:5)
  A gnoll bouda (D:4)
  An orc wizard (D:9)
  4 iguanas
  4 mummies
  11 adders
  10 gnolls
  A shadow imp (D:6)
  2 white imps
  4 adder zombies (Ossuary)
  2 worms
  2 dart slugs
  22 orcs
  8 endoplasms
  2 giant cockroaches
  2 gnoll zombies (Ossuary)
  3 goblins
  8 hobgoblins
  6 jackals
  22 kobolds
  3 quokkas
  6 ball pythons
  5 bats
  A goblin zombie (Ossuary)
  3 hobgoblin zombies (Ossuary)
  3 kobold zombies
  An orc zombie (D:4)
  3 quokka zombies (Ossuary)
  7 rats
  3 rat zombies (Ossuary)
232 creatures vanquished.

Vanquished Creatures (others)
  98 foxfires
98 creatures vanquished.

Grand Total: 330 creatures vanquished

Notes
Turn   | Place    | Note
-------+----------+-------------------------------------------
     0 | D:1      | Smoke131 the Draconian Fire Elementalist began the quest
                  | for the Orb.
     0 | D:1      | Reached XP level 1. HP: 14/14 MP: 3/3
   400 | D:1      | Reached XP level 2. HP: 14/22 MP: 5/5
   724 | D:1      | Learned a level 2 spell: Scorch
  1029 | D:1      | Reached skill level 1 in Fighting
  1721 | D:2      | Reached XP level 3. HP: 18/28 MP: 6/6
  2263 | D:2      | Reached XP level 4. HP: 33/35 MP: 7/7
  2667 | D:3      | Found a faded altar of an unknown god.
  2689 | D:3      | Noticed Sigmund
  2696 | D:3      | Learned a level 3 spell: Conjure Flame
  2705 | D:3      | Killed Sigmund
  2706 | D:3      | Reached XP level 5. HP: 36/42 MP: 3/9
  3308 | D:3      | Reached XP level 6. HP: 50/50 MP: 5/10
  3365 | D:3      | Found an iron altar of Okawaru.
  3642 | D:4      | Found a sand-covered staircase.
  3730 | Ossuary  | Entered an ossuary
  4883 | D:4      | Found a sacrificial altar of Ru.
  4983 | D:4      | Your scales start taking on a pale cyan-grey colour.
  4983 | D:4      | Reached XP level 7. HP: 49/57 MP: 0/12
  4983 | D:4      | Gained mutation: You are immune to the effects of steam.
                  | [Pale Draconian growth]
  5214 | D:4      | Identified the +2 leather armour of the Archfiend {Contam
                  | rPois Str+4 Dex+4}
  5259 | D:4      | Reached skill level 5 in Fire Magic
  5802 | D:5      | Entered Level 5 of the Dungeon
  5904 | D:5      | Found Arilyekk's Book Shop.
  6107 | D:5      | Found Xogu's General Store.
  6127 | D:5      | Reached XP level 8. HP: 66/66 MP: 4/14
  6235 | D:5      | Found a white marble altar of Elyvilon.
  6545 | D:5      | Found a glowing silver altar of Zin.
  6859 | D:5      | Found Nudeosod's Magic Scroll Shop.
  7090 | D:5      | Bought a scroll of identify for 24 gold pieces
  7164 | D:5      | Bought a scroll of identify for 22 gold pieces
  7164 | D:5      | Bought a scroll of identify for 22 gold pieces
  7164 | D:5      | Bought a scroll of identify for 22 gold pieces
  7220 | D:6      | Found a staircase to the Ecumenical Temple.
  7220 | D:6      | Noticed Eustachio
  7529 | D:5      | Killed Eustachio
  7641 | D:6      | Reached skill level 5 in Fighting
  7723 | Temple   | Entered the Ecumenical Temple
  7866 | Temple   | Became a worshipper of Vehumet
  7920 | D:6      | Reached skill level 5 in Spellcasting
  7920 | D:6      | Reached skill level 5 in Conjurations
  8102 | D:6      | Reached skill level 5 in Dodging
  8104 | D:6      | Reached XP level 9. HP: 62/74 MP: 1/16
  8264 | D:6      | HP: 3/74 [centaur/arrow (11)]
  8695 | D:6      | Found a snail-covered altar of Cheibriados.
  8695 | D:6      | Found a broken altar of Ashenzari.
  8977 | D:6      | Found Naigy's Antique Weapon Emporium.
  9338 | D:7      | Found a hazy altar of Hepliaklqana.
  9565 | D:7      | Found a bloodstained altar of Trog.
  9573 | D:7      | Reached * piety under Vehumet
  9573 | D:7      | Offered knowledge of Freeze by Vehumet.
  9997 | D:7      | Learned a level 4 spell: Sticky Flame
 10002 | D:7      | Learned a level 4 spell: Flame Wave
 10441 | D:9      | Found a blossoming altar of Fedhas.
 10626 | D:9      | Found a stormy altar of Qazlal.
 10802 | D:8      | Noticed a centaur warrior
 10809 | D:9      | Reached XP level 10. HP: 37/86 MP: 8/17
 11066 | D:9      | Noticed a two-headed ogre
 11076 | D:9      | Killed a two-headed ogre
 11350 | D:9      | Found a hide-covered altar of Uskayaw.
 11631 | D:9      | Reached ** piety under Vehumet
 11719 | D:9      | Offered knowledge of Magic Dart by Vehumet.
 11760 | D:9      | Learned a level 1 spell: Magic Dart
 12042 | D:8      | Killed a centaur warrior
 12707 | D:8      | Noticed a boulder beetle
 12718 | D:8      | Killed a boulder beetle
 12719 | D:8      | Reached XP level 11. HP: 67/95 MP: 8/18
 13079 | D:8      | Paralysed by a hornet for 2 turns
 13176 | D:8      | Found an ancient bone altar of Kikubaaqudgha.
 13323 | D:8      | Found a basalt altar of Yredelemnul.
 13343 | D:8      | You fall into a shaft and drop 1 floor!
 13542 | D:8      | Found a staircase to the Lair.
 13750 | D:10     | Entered Level 10 of the Dungeon
 14020 | D:10     | Noticed Nergalle
 14175 | D:10     | HP: 2/81 [Nergalle/+1 dagger of freezing (3)]
 14175 | D:10     | Slain by Nergalle

Illustrated notes

Levels and vault maps discovered:
D:1:      eino_arrival_cavern_d, layout_loops_ring
D:2:      layout_basic
D:3:      layout_loops_cross, okawaru_trees_1, shapermc_ecumenical_altar_gd,
          uniq_sigmund
D:4:      minmay_spotlight, layout_cave_pools, nicolae_ru_sacrificial_ziggurat,
          nicolae_ossuary_entry_giza
D:5:      layout_loops_ring, zin_statuary, elyvilon_altar_3, serial_shops,
          nicolae_shop_temple_entry_statues_fountains, nicolae_shop_trees,
          shop_statue
D:6:      layout_basic, jmf_multi_god_temple,
          minmay_temple_entry_statues_pillars, serial_shops,
          kennysheep_mini_moat, uniq_eustachio
D:7:      layout_basic, mainiacjoe_overflow_alcove_2, trog_butcher_becter
D:8:      minmay_diamond_stairs, layout_basic, mainiacjoe_overflow_tiny_flanked,
          mainiacjoe_overflow_catwalk, st_stairs_5
D:9:      layout_loops_ring, grunt_temple_overflow_forces_of_nature,
          nicolae_uskayaw_dance_studio
D:10:     layout_gridville, nzn_wu_jian_council_hall, amcnicky_altar_gilded,
          overflow_temple_1_default, serial_shops,
          nicolae_shop_overgrown_old_shop, uniq_nergalle
Temple:   nicolae_temple_bog_church

Skill      XL: |  1  2  3  4  5  6  7  8  9 10 11 |
---------------+----------------------------------+-----
Dodging        | 2 3 4 5 6 7 8 |  8.0
Fighting       | 1 2 3 4 5 7 8 9 |  9.2
Spellcasting   | 3 4 5 |  5.0
Conjurations   | 2 3 4 5 6 8 |  8.5
Fire Magic     | 4 5 6 8 9 |  9.9
Stealth        | |  1.7

Action                   |  1- 3 |  4- 6 |  7- 9 | 10-12 || total
-------------------------+-------+-------+-------+-------++-------
Melee: Unarmed           |    37 |       |       |       ||    37
       Tailslap          |    11 |    14 |     9 |     9 ||    43
       Dagger            |    80 |   134 |   129 |       ||   343
       Punch             |       |       |     2 |       ||     2
       Spear             |       |       |       |    48 ||    48
       Staff             |       |       |       |     9 ||     9
 Cast: Foxfire           |    30 |     2 |     1 |    27 ||    60
       Scorch            |       |    51 |   154 |    71 ||   276
       Conjure Flame     |       |       |     3 |     6 ||     9
       Sticky Flame      |       |       |     1 |    11 ||    12
       Flame Wave        |       |       |       |     2 ||     2
 Abil: Breathe Steam     |       |       |     6 |     5 ||    11
Evoke: Wand              |       |       |       |     2 ||     2
  Use: Potion            |       |     1 |     5 |     2 ||     8
       Scroll            |       |     7 |    13 |       ||    20
 Stab: Sleeping          |     2 |     3 |       |       ||     5
Armor: Skin              |    34 |    36 |    98 |    15 ||   183
Dodge: Dodged            |    79 |    89 |   195 |    74 ||   437
